Unix NetHack Version 5.0.0-0 post-release - last build May  4 2026 22:22:43 (774f63e81ad911689b3a0859ea89b322d5daca8d,branch:main).

Game began 2026-05-09 17:32:19, ended 2026-05-09 18:26:58.

Galadhan1, lawful female human Valkyrie

                                                                ..--
                                                               ....--
                                                              --....---
                                                          --- |...(...-
                                                         --.---........
                                                        .....|.."s@---
                                                        ...../.-----
                                                        .......|
                                                        --.--..|
                                                         -- ----
Galadhan1 the Fighter       St:18/04 Dx:12 Co:18 In:7 Wi:8 Ch:8  Lawful
Dlvl:7  $:61 HP:0(55) Pw:12(12) AC:2  Xp:6 T:3863 

Latest messages:
 The giant spider bites!
 You miss the gnome.
 You hear some noises in the distance.
 The giant spider bites!
 The giant spider bites!
 You miss the gnome.
 The giant spider misses!
 The gnome zaps a short wand!
 The sleep ray whizzes by you!
 The sleep ray misses the gnome.
 The gnome hits!
 You miss the gnome.
 The large cat bites the gnome.
 The gnome misses the large cat.
 The giant spider bites!
 You kill the gnome!
 Your large cat eats a gnome corpse.
 The giant spider bites!
 You swap places with your large cat.
 The giant spider spins a web.
 You hear crashing rock.
 The giant spider just misses!
 You climb up the stairs.
 What do you want to eat? [adA or ?*] <esc>
 Never mind.
 What do you want to write with? [- bkpsDNSTY or ?*] *
 You write in the dust with your fingertip.
 What do you want to write in the dust here? Elbereth
 You kill the gas spore!
 Boom!
 You are caught in the gas spore's explosion!
 Something is written here in the dust.
 You read: "b??e r".
 You hear crashing rock.
 You descend the stairs.
 You hear some noises in the distance.
 The giant spider bites!
 The giant spider's bite was poisoned!
 You miss the giant spider.
 The giant spider bites!
 The giant spider just misses!
 You miss the giant spider.
 The giant spider bites!
 The giant spider's bite was poisoned!
 You die...
 Do you want your possessions identified? [ynq] (y) y
 Do you want to see your attributes? [ynq] (y) y
 Do you want an account of creatures vanquished? [ynaq] (y) n
 Do you want to see your conduct and achievements? [ynq] (y) n
 Do you want to see the dungeon overview? [ynq] (y) n

Inventory:
 Coins    ('$')
  $ - 61 gold pieces
 Weapons  (')')
  b - 6 +0 daggers (at the ready)
  N - a +2 dwarvish mattock (weapon in hands)
 Armor    ('[')
  O - a blessed +0 dwarvish iron helm (being worn)
  e - an uncursed +0 pair of high boots (being worn)
  c - an uncursed +3 small shield
  L - a blessed +1 dwarvish cloak (being worn)
  w - an uncursed +0 studded leather armor (being worn)
 Comestibles  ('%')
  d - 3 uncursed food rations
  A - an uncursed sprig of wolfsbane
  a - an uncursed tripe ration
 Scrolls  ('?')
  f - an uncursed scroll of create monster
  U - an uncursed scroll of enchant weapon
  g - a blessed scroll of genocide
  r - 2 uncursed scrolls of magic mapping
  F - 2 cursed scrolls of remove curse
  q - an uncursed scroll of teleportation
 Spellbooks  ('+')
  x - an uncursed spellbook of drain life
  V - an uncursed spellbook of levitation
 Potions  ('!')
  o - 2 uncursed potions of gain energy
  i - a blessed potion of healing
  m - 4 uncursed potions of healing
  u - a cursed potion of healing
  H - an uncursed potion of invisibility
  W - an uncursed potion of object detection
  B - a potion of holy water
 Rings    ('=')
  k - an uncursed ring of cold resistance
 Tools    ('(')
  I - an uncursed brass lantern (lit)
  v - a cursed expensive camera (0:83)
  X - an uncursed magic whistle
  t - an uncursed skeleton key
  G - an uncursed tin whistle
 Gems/Stones  ('*')
  Y - an uncursed worthless piece of black glass
  S - 2 uncursed worthless pieces of blue glass
  p - 2 uncursed worthless pieces of green glass
  s - an uncursed worthless piece of red glass
  D - 2 uncursed worthless pieces of white glass
  T - an uncursed worthless piece of yellowish brown glass

Galadhan1 the Valkyrie's attributes:

Background:
 You were a Fighter, a level 6 human Valkyrie.
 You were lawful, nominally on a mission for Tyr
 who was opposed by Odin (neutral) and Loki (chaotic).
 You were right-handed.
 You were in the Gnomish Mines, on level 7.
 You entered the dungeon 3863 turns ago.
 You had 335 experience points, 305 more were needed to attain level 7.

Basics:
 You had 0 out of 55 hit points.
 You had all 12 energy points (spell power).
 Your armor class was 2.
 Your wallet contained 61 zorkmids.
 Autopickup was off.

Final Characteristics:
 Your strength was 18/04 (limit:18/100).
 Your dexterity was 12 (limit:18).
 Your constitution was 18 (limit:18).
 Your intelligence was 7 (limit:18).
 Your wisdom was 8 (limit:18).
 Your charisma was 8 (limit:18).

Final Status:
 You weren't hungry.
 You were unencumbered.
 You were wielding a mattock.
 You were unskilled in pick-axe.

Final Attributes:
 You were piously aligned.
 Your items were somewhat protected from fire.
 You were cold resistant.
 Your items were somewhat protected from cold.
 You were stealthy.
 You were warded.
 You are dead.

Miscellaneous:
 You didn't encounter any bones levels.
 Total elapsed playing time was 54 minutes and 38 seconds.

Major events:
 Turn
    1: Galadhan1 the lawful human Valkyrie entered the dungeon
  591: attained the rank of Skirmisher (level 3)
 2242: entered the Gnomish Mines
 3626: attained the rank of Fighter (level 6)
 3863: killed by a giant spider

You didn't know any spells.

Skills:
 Fighting Skills
   bare handed combat [Unskilled]
   two weapon combat  [Unskilled]
   riding             [Unskilled]
 Weapon Skills
   dagger             [Basic]
   axe                [Unskilled]
   pick-axe           [Unskilled]
   short sword        [Unskilled]
   broadsword         [Unskilled]
   long sword         [Unskilled]
   two-handed sword   [Unskilled]
   saber              [Basic]
   hammer             [Unskilled]
   quarterstaff       [Unskilled]
   polearms           [Unskilled]
   spear              [Basic]
   trident            [Unskilled]
   lance              [Unskilled]
   sling              [Unskilled]
 Spellcasting Skills
   attack spells      [Unskilled]
   escape spells      [Unskilled]

Voluntary challenges:
 Character rerolling was not enabled.
 You were an atheist.
 You never genocided any monsters.
 You never polymorphed an object.
 You never changed form.
 You used no wishes.
Achievements:
 You attained the rank of Skirmisher.
 You entered the Gnomish Mines.
 You attained the rank of Fighter.

 The Dungeons of Doom: levels 1 to 5
    Level 1:
       A fountain.
    Level 2:
    Level 3:
       A fountain.
    Level 4:
       A fountain, a grave.
       Stairs down to The Gnomish Mines.
    Level 5:
 The Gnomish Mines: levels 5 to 7
    Level 5:
    Level 6:
    Level 7: <- You were here.
       Final resting place for
          you, killed by a giant spider.


Vanquished creatures:
  a water nymph
 an orc shaman
  a rock mole
  a violet fungus
  2 gnome leaders
  a gnomish wizard
  a gray ooze
  a giant ant
  2 kittens
  3 dwarves
  a homunculus
  3 hill orcs
  a rothe
  a rabid rat
  a monkey
  2 dwarf zombies
 an iguana
  4 acid blobs
  a gas spore
  2 hobbits
  2 hobgoblins
  2 giant rats
  3 cave spiders
  2 yellow molds
  a red mold
 20 gnomes
  a gnome zombie
  9 geckos
  9 jackals
  2 goblins
  a sewer rat
  4 grid bugs
  3 bats
  7 lichens
  2 kobold zombies
  4 newts
103 creatures vanquished.

No species were genocided or became extinct.

Game over:
                       ----------
                      /          \
                     /    REST    \
                    /      IN      \
                   /     PEACE      \
                  /                  \
                  |    Galadhan1     |
                  |      61 Au       |
                  |   killed by a    |
                  |   giant spider   |
                  |                  |
                  |                  |
                  |       2026       |
                 *|     *  *  *      | *
        _________)/\\_//(\/(/\)/\//\/|_)_______

Farvel Galadhan1 the Valkyrie...

You died in The Gnomish Mines on dungeon level 7 with 1695 points,
and 61 pieces of gold, after 3863 moves.
You were level 6 with a maximum of 55 hit points when you died.

